Unix NetHack Version 5.0.0-0 post-release - last build May  4 2026 22:22:43 (774f63e81ad911689b3a0859ea89b322d5daca8d,branch:main).

Game began 2026-05-07 16:33:48, ended 2026-05-08 06:20:37.

BSL2425737, lawful female dwarven Valkyrie

                                        -----
                        -------         |...|
                        |.....|        #....|
                        |.....|      ###|...|
                        |.....|      #  |...-#
                        |.(...|      #  -----#
                        |.....|      #       #
                       #......|  #f@Z#       #
                       #---|---  #           #
                      ##   ####  #           #
                      #       #  #          ##
                    ###       #  #          #
         ---------  #         #  #          #
         |........###       --.--#          #
         |.......|     ##   |...|#          #--------------
         |........######    |....#          #|..|.........|
         -----|---          |...|           #....<........|
              #             -----            |...........{|
                                             --------------

BSL2425737 the Skirmisher   St:13 Dx:11 Co:18 In:10 Wi:11 Ch:8  Lawful
Dlvl:7  $:137 HP:0(48) Pw:6(6) AC:6  Xp:4 T:2413 

Latest messages:
 Seems like something lootable over there.
 You see here a large box.
 Hmmm, the large box turns out to be locked.
 You have a little trouble lifting a locked large box.  Continue? [ynq] (q) n
 Restoring save file...
 Velkommen BSL2425737, the dwarven Valkyrie, welcome back to NetHack!
 You hear someone counting gold coins.
 You hear someone cursing shoplifters.
 You hear the chime of a cash register.
 You hear someone cursing shoplifters.
 You begin bashing monsters with your bare hands.  You hit the grid bug.  The grid bug bites!  You get zapped!
 You hit the grid bug.  The grid bug bites!  You get zapped!
 You kill the grid bug!
 Restoring save file...
 Velkommen BSL2425737, the dwarven Valkyrie, welcome back to NetHack!
 You begin bashing monsters with your bare hands.  You hit the grid bug.  The grid bug just misses!
 You kill the grid bug!
 Restoring save file...
 Velkommen BSL2425737, the dwarven Valkyrie, welcome back to NetHack!
 Restoring save file...
 Velkommen BSL2425737, the dwarven Valkyrie, welcome back to NetHack!
 The housecat just misses!
 The housecat bites!
 The housecat bites!
 The housecat bites!
 The housecat bites!
 You begin bashing monsters with your bare hands.
 You miss the kobold zombie.
 You miss the kobold zombie.
 The kobold zombie hits!
 You miss the kobold zombie.
 The housecat bites!
 The kobold zombie hits!
 The housecat bites!
 You hit the kobold zombie.
 The housecat just misses!
 The kobold zombie hits!
 You miss the housecat.
 The housecat bites!
 The kobold zombie hits!
 You hit the housecat.
 The housecat bites!
 The kobold zombie hits!
 The housecat bites!
 You die...
 Do you want your possessions identified? [ynq] (y) y
 Do you want to see your attributes? [ynq] (y) y
 Do you want an account of creatures vanquished? [ynaq] (y) y
 Do you want to see your conduct and achievements? [ynq] (y) y
 Do you want to see the dungeon overview? [ynq] (y) y

Inventory:
 Coins    ('$')
  $ - 137 gold pieces
 Weapons  (')')
  t - 10 +0 darts
  b - a +0 dagger (alternate weapon; not wielded)
 Armor    ('[')
  c - an uncursed +3 small shield (being worn)
  u - an uncursed +0 chain mail
 Comestibles  ('%')
  d - an uncursed food ration
  v - an uncursed partly eaten food ration
  w - an uncursed fortune cookie
 Scrolls  ('?')
  m - an uncursed scroll of identify
 Potions  ('!')
  i - 2 uncursed potions of levitation
 Rings    ('=')
  k - an uncursed ring of conflict
  z - an uncursed ring of fire resistance
  s - a cursed ring of hunger
 Wands    ('/')
  f - a wand of light (0:14)
  g - a wand of probing (0:7)
 Tools    ('(')
  n - an empty cursed oilskin sack
  e - an uncursed mirror
 Boulders/Statues  ('`')
  j - an empty uncursed statue of a newt

BSL2425737 the Valkyrie's attributes:

Background:
 You were a Skirmisher, a level 4 dwarven Valkyrie.
 You were lawful, nominally on a mission for Tyr
 who was opposed by Odin (neutral) and Loki (chaotic).
 You were right-handed.
 You were in the Dungeons of Doom, on level 7.
 You entered the dungeon 2413 turns ago.
 You had 115 experience points, 45 more were needed to attain level 5.

Basics:
 You had 0 out of 48 hit points.
 You had all 6 energy points (spell power).
 Your armor class was 6.
 Your wallet contained 137 zorkmids.
 Autopickup was off.

Final Characteristics:
 Your strength was 13 (peak:17, limit:18/100).
 Your dexterity was 11 (limit:20).
 Your constitution was 18 (limit:20).
 Your intelligence was 10 (limit:16).
 Your wisdom was 11 (limit:16).
 Your charisma was 8 (limit:16).

Final Status:
 You weren't hungry.
 You were unencumbered.
 You were bare handed.
 You were unskilled in bare handed combat.

Final Attributes:
 You were piously aligned.
 You were cold resistant.
 You had infravision.
 You were stealthy.
 You are dead.

Miscellaneous:
 You didn't encounter any bones levels.
 Total elapsed playing time was 1 hour, 45 minutes and 36 seconds.

Major events:
 Turn
    1: BSL2425737 the lawful dwarven Valkyrie entered the dungeon
 1365: attained the rank of Skirmisher (level 3)
 2413: killed by a housecat

You didn't know any spells.

Skills:
 Fighting Skills
   bare handed combat [Unskilled]
   two weapon combat  [Unskilled]
   riding             [Unskilled]
 Weapon Skills
   dagger             [Basic]
   axe                [Unskilled]
   pick-axe           [Unskilled]
   short sword        [Unskilled]
   broadsword         [Unskilled]
   long sword         [Unskilled]
   two-handed sword   [Unskilled]
   saber              [Unskilled]
   hammer             [Unskilled]
   quarterstaff       [Unskilled]
   polearms           [Unskilled]
   spear              [Basic]
   trident            [Unskilled]
   lance              [Unskilled]
   sling              [Unskilled]
 Spellcasting Skills
   attack spells      [Unskilled]
   escape spells      [Unskilled]

Voluntary challenges:
 Character rerolling was not enabled.
 You were an atheist.
 You were illiterate.
 You never genocided any monsters.
 You never polymorphed an object.
 You never changed form.
 You used no wishes.
Achievements:
 You entered a shop.
 You attained the rank of Skirmisher.

 The Dungeons of Doom: levels 1 to 7
    Level 1:
    Level 2:
       A weapon shop, an altar to Tyr.
    Level 3:
       Some fountains, some graves.
    Level 4:
       An altar.
    Level 5:
       A fountain.
    Level 6:
       A fountain.
    Level 7: <- You were here.
       A fountain, a grave.
       Final resting place for
          you, killed by a housecat.


Vanquished creatures:
  a rock mole
  a gnome leader
  a kobold leader
  2 dwarf zombies
 an iguana
  2 acid blobs
  a large kobold
  a gecko
  3 jackals
  2 foxes
  2 kobolds
  8 grid bugs
  a bat
  a lichen
  a kobold zombie
  4 newts
32 creatures vanquished.

No species were genocided or became extinct.

Game over:
                       ----------
                      /          \
                     /    REST    \
                    /      IN      \
                   /     PEACE      \
                  /                  \
                  |    BSL2425737    |
                  |      137 Au      |
                  |   killed by a    |
                  |     housecat     |
                  |                  |
                  |                  |
                  |       2026       |
                 *|     *  *  *      | *
        _________)/\\_//(\/(/\)/\//\/|_)_______

Farvel BSL2425737 the Valkyrie...

You died in The Dungeons of Doom on dungeon level 7 with 884 points,
and 137 pieces of gold, after 2413 moves.
You were level 4 with a maximum of 48 hit points when you died.

